 Dungeon Crawl Stone Soup version 0.28.0-53-g5a82cb258f (webtiles) character file.

Game seed: 14884606189704766025

63 Zeld the Gusty (level 4, -2/24 HPs)
             Began as a Tengu Air Elementalist on June 14, 2022.
             Slain by a gnoll
             ... wielding a +0 spear
              (8 damage)
             ... on level 2 of the Dungeon.
             The game lasted 00:01:36 (1359 turns).

Zeld the Gusty (Tengu Air Elementalist)             Turns: 1359, Time: 00:01:36

Health: -2/24      AC:  2    Str:  9    XL:     4   Next: 10%
Magic:  7/9        EV: 12    Int: 17    God:
Gold:   73         SH:  0    Dex: 14    Spells: 2/8 levels left

rFire   . . .      SeeInvis .   (no weapon)
rCold   . . .      Faith    .   (no shield)
rNeg    . . .      Spirit   .   a - +0 robe
rPois   .          Reflect  .   (helmet restricted)
rElec   .          Harm     .   (no cloak)
rCorr   .          Rampage  .   (no gloves)
Will    .....                   (boots unavailable)
Stlth   ++........              (no amulet)
HPRegen 0.08/turn               (no ring)
MPRegen 0.11/turn               (no ring)

@: no status effects
A: beak, talons 3
a: no special abilities


You were on level 2 of the Dungeon.
You visited 1 branch of the dungeon, and saw 2 of its levels.

You collected 73 gold pieces.

Inventory:

Missiles
 b - 5 poisoned darts
Armour
 a - a +0 robe (worn)
Jewellery
 c - a ring of protection from fire
Scrolls
 d - a scroll of enchant weapon {unknown}
Potions
 e - a potion of might {unknown}
 f - a potion of brilliance {unknown}


   Skills:
 - Level 2.1 Dodging
 - Level 2.0 Stealth
 * Level 2.9 Spellcasting
 + Level 2.5 Conjurations
 * Level 5.1 Air Magic


You had 2 spell levels left.
You knew the following spells:

 Your Spells              Type           Power      Damage    Failure   Level
a - Shock                 Conj/Air       60%        1d6       3%          1
b - Static Discharge      Conj/Air       15%        N/A       5%          2
c - Swiftness             Air            20%        N/A       6%          3

Your spell library contained the following spells:

 Spells                   Type           Power      Damage    Failure   Level
 Airstrike                Air            10%        N/A       22%         4


Dungeon Overview and Level Annotations

Branches:
Dungeon (2/15)

Altars:

Annotations:
D:2 Sigmund


Innate Abilities, Weirdness & Mutations

You have a beak for a mouth.
You have claws for feet.


Message History

You kill the adder!
The worm is struck by an arc of lightning.
The worm is moderately wounded.
The lightning grounds out.
You have reached level 4!
You feel stronger.
You no longer feel sluggish.
A gnoll comes into view. It is wielding a +0 spear.
A gnoll comes into view. It is wielding a +0 whip.
The gnoll shouts!
The gnoll hits you with a +0 whip.
* * * LOW HITPOINT WARNING * * *
The gnoll completely misses you. The gnoll misses you.
The gnoll shouts!
The gnoll barely misses you.
Casting: Static Discharge (safe; 5% risk of failure)
Confirm with . or Enter, or press ? or * to list all spells.
Aiming: Shock (safe; 3% risk of failure)
Press: ? - help, Shift-Dir - straight line The zap hits the gnoll.
The gnoll is moderately wounded.
The zap hits the gnoll but does no damage.
The gnoll is moderately wounded.
The gnoll hits you with a +0 whip.
* * * LOW HITPOINT WARNING * * *
Unknown command.
Casting: Shock (safe; 3% risk of failure)
Confirm with . or Enter, or press ? or * to list all spells.
Aiming: Shock (safe; 3% risk of failure)
Press: ? - help, Shift-Dir - straight line The zap hits the gnoll.
The gnoll is moderately wounded.
The zap misses the gnoll.
The zap hits the gnoll.
The gnoll is lightly wounded.
The zap hits the gnoll.
The gnoll is severely wounded.
The gnoll barely misses you.
The gnoll hits you from afar with a +0 spear!
You die...

#.# #.#..............
#.# #.##.........####
#g# #.....#..........
#.###.#...#......####
#.#.....###.....##
#g#.##....#.....#
#.#..#....#..#..#
#.######.....#..#
#.gg@#.......#..#
######.....###..#
####....#..#
#....#### ###....
..).. ### ...## #..
#.. #..


You could see 2 gnolls.

Vanquished Creatures
  A gnoll (D:2)
  4 adders (D:2)
  4 ball pythons
  2 bats
  A goblin (D:1)
  2 hobgoblins
  2 jackals
  A quokka (D:1)
  2 rats
19 creatures vanquished.

Vanquished Creatures (others)
  2 plants (D:1)
2 creatures vanquished.

Grand Total: 21 creatures vanquished

Notes
Turn   | Place    | Note
-------+----------+-------------------------------------------
     0 | D:1      | Zeld the Tengu Air Elementalist began the quest for the
                  | Orb.
     0 | D:1      | Reached XP level 1. HP: 10/10 MP: 4/4
   159 | D:2      | Noticed Sigmund
   160 | D:2      | Reached XP level 2. HP: 15/15 MP: 1/6
   543 | D:1      | Learned a level 2 spell: Static Discharge
   928 | D:2      | Reached XP level 3. HP: 16/19 MP: 0/7
   932 | D:2      | Learned a level 3 spell: Swiftness
  1259 | D:2      | Reached skill level 5 in Air Magic
  1310 | D:2      | Reached XP level 4. HP: 7/24 MP: 4/9
  1359 | D:2      | Slain by a gnoll

Illustrated notes

Levels and vault maps discovered:
D:1:      scummos_arrival_simple_crosswalls, layout_rooms, serial_bayou_pond_b
D:2:      kennysheep_big_flooded_room, layout_basic, basic_altar,
          ebering_ecumenical_altar_hall, hangedman_decor_push,
          grunt_ministairs_2, uniq_sigmund

Skill      XL: |  1  2  3 |
---------------+----------+-----
Conjurations   | 2 |  2.5
Air Magic      | 5 |  5.1
Dodging        | |  2.1
Stealth        | |  2.0
Spellcasting   | |  2.9

Action                   |  1- 3 |  4- 6 || total
-------------------------+-------+-------++-------
Melee: Unarmed           |    22 |       ||    22
       Peck              |     7 |       ||     7
       Kick              |     4 |       ||     4
 Cast: Shock             |    25 |     2 ||    27
       Static Discharge  |     8 |       ||     8
       Swiftness         |     1 |       ||     1
Armor: Robe              |     6 |       ||     6
Dodge: Dodged            |    37 |     4 ||    41
